 Dungeon Crawl Stone Soup version 0.24.0-5-g267a8d59f4 (webtiles) character file.

Game seed: 5211891063335060533, levelgen mode: deterministic

55 Aelig the Firebug (level 4, -2/24 HPs)
             Began as a Kobold Fire Elementalist on Nov 1, 2019.
             Slain by a gnoll
             ... wielding a +0 whip
              (4 damage)
             ... on level 1 of the Dungeon.
             The game lasted 00:05:17 (1207 turns).

Aelig the Firebug (Kobold Fire Elementalist)        Turns: 1207, Time: 00:05:18

Health: -2/24      AC:  3    Str:  5    XL:     4   Next: 14%
Magic:  0/7        EV: 15    Int: 17    God:
Gold:   56         SH:  0    Dex: 15    Spells: 4/7 levels left

rFire    . . .     SeeInvis .   k - +0 whip
rCold    . . .     Gourm    .   (shield restricted)
rNeg     . . .     Faith    .   a - +0 robe
rPois    .         Spirit   .   f - +0 helmet
rElec    .         Reflect  .   (no cloak)
rCorr    .         Harm     .   (no gloves)
MR       .....                  (no boots)
Stlth    ++........             (no amulet)
HPRegen  0.08/turn              (no ring)
MPRegen  0.10/turn              (no ring)

@: lethally poisoned (-2 -> -4)
A: small, carnivore
a: no special abilities


You were on level 1 of the Dungeon.
You were completely stuffed.

You visited 1 branch of the dungeon, and saw 2 of its levels.

You collected 56 gold pieces.

Inventory:

Hand Weapons
 k - a +0 whip (weapon)
Armour
 a - a +0 robe (worn)
 f - a +0 helmet (worn)
Jewellery
 b - an uncursed ring of wizardry {unknown}
Scrolls
 e - a scroll of enchant weapon {unknown}
 i - a scroll of remove curse {unknown}
 j - 2 scrolls of random uselessness {unknown}
Potions
 d - a potion of flight {unknown}
 g - a potion of might {unknown}
 l - a potion of degeneration {unknown}
Comestibles
 c - 4 rations
 h - 2 chunks of flesh


   Skills:
 - Level 2.4 Dodging
 - Level 2.6 Stealth
 - Level 2.1 Spellcasting
 + Level 2.6 Conjurations
 + Level 3.9 Fire Magic


You had 4 spell levels left.
You knew the following spells:

 Your Spells              Type           Power        Failure   Level  Hunger
a - Flame Tongue          Conj/Fire      ##...        4%          1    #......
b - Throw Flame           Conj/Fire      ##....       8%          2    ###....

Your spell library contained the following spells:

 Spells                   Type           Power        Failure   Level  Hunger
 Conjure Flame            Conj/Fire      ##......     14%         3    ###....
 Inner Flame              Hex/Fire       #.......     26%         3    ###....
 Sticky Flame             Conj/Fire      ##......     43%         4    #####..
 Fireball                 Conj/Fire      ##........   80%         5    ######.


Dungeon Overview and Level Annotations

Branches:
Dungeon (2/15)

Altars:


Innate Abilities, Weirdness & Mutations

You are small and have problems with some larger weapons.
You are carnivorous and can eat meat at any time.


Message History

Aim: an adder (almost dead)
The flame tongue hits the adder.
You kill the adder!
You have reached level 4!
Casting: Flame Tongue (safe; 4% risk of failure)
Confirm with . or Enter, or press ? or * to list all spells.
Aiming: Flame Tongue (safe; 4% risk of failure)
Press: ? - help, Shift-Dir - straight line, f - gnoll
Aim: a gnoll, wielding a +0 whip (heavily wounded)
The flame tongue hits the gnoll.
The gnoll is almost dead.
The gnoll hits you with a +0 whip!
* * * LOW HITPOINT WARNING * * *
Casting: Flame Tongue (safe; 4% risk of failure)
Confirm with . or Enter, or press ? or * to list all spells.
Aiming: Flame Tongue (safe; 4% risk of failure)
Press: ? - help, Shift-Dir - straight line, f/p - gnoll
Aim: a gnoll, wielding a +0 whip (almost dead)
The flame tongue misses the gnoll.
The gnoll hits you with a +0 whip.
You die...

#.# ##..# #.# #. #.#####.## #.#
#. #.....#..###.## #.
#####.##......###. #############
#...###.#..... ##.....#.....##
###..##..#.... #.......).....##
######.#.......#
.)......>......###........#..##..
...............g@..####.###..####
...............##### #.##...####
.......>.......########.....##...
................................#
..............(#########..#####.#
#.............### ##...####.#
#######.#.......## #..#....#.#
#...#.##..###..######.#####....
#.#(#.###...##....#...# ####.


You could see a gnoll.

Vanquished Creatures
  A gnoll (D:2)
  An adder (D:1)
  An ooze (D:2)
  A worm (D:1)
  A dart slug (D:2)
  2 leopard geckos (D:1)
  A ball python (D:2)
  2 goblins
  3 hobgoblins (D:1)
  3 kobolds (D:1)
  5 bats (D:1)
  4 frilled lizards
  2 rats (D:1)
27 creatures vanquished.

Notes
Turn   | Place    | Note
-------+----------+-------------------------------------------
     0 | D:1      | Aelig the Kobold Fire Elementalist began the quest for the
                  | Orb.
     0 | D:1      | Reached XP level 1. HP: 10/10 MP: 3/3
   200 | D:1      | Reached XP level 2. HP: 12/15 MP: 1/5
   605 | D:1      | Learned a level 2 spell: Throw Flame
   848 | D:2      | Reached XP level 3. HP: 19/19 MP: 2/6
  1205 | D:1      | Reached XP level 4. HP: 10/24 MP: 2/7
  1207 | D:1      | Slain by a gnoll

Levels and vault maps discovered:
D:1:      wheals_arrival_linesprint, layout_rooms, minmay_heptomino_h4
D:2:      layout_rooms, first_ration, uniq_robin, uniq_terence

Skill      XL: |  1  2 |
---------------+-------+-----
Conjurations   | 2 |  2.6
Dodging        | |  2.4
Stealth        | |  2.6
Spellcasting   | |  2.1
Fire Magic     | |  3.9

Action                   |  1- 3 |  4- 6 || total
-------------------------+-------+-------++-------
Melee: Unarmed           |     3 |       ||     3
       Club              |    16 |       ||    16
       Whip              |     9 |       ||     9
 Cast: Flame Tongue      |    46 |     3 ||    49
  Eat: Chunk             |    10 |       ||    10
Armor: Robe              |     8 |       ||     8
Dodge: Dodged            |    41 |       ||    41
